[ PARTIDA AOE2 · #477665019 ]
UnrankedEspañoles vs Byzantines
[ ANÁLISIS DE REPETICIÓN · EXTRAÍDO DE LA PARTIDA GRABADA ]
Feudal
14:03
Castillos
23:03
Imperial
38:38
| APM promedio | 22.0 |
| APM pico | 85 |
| eAPM promedio | 12.1 |
| Aldeanos / militares | 120 / 271 |
Foco
⚔️ 30.4% · 🌾 69.6%
Knight ×115 · Scout Cavalry ×115 · Conquistador ×35 · Trade Cart ×24 · Bombard Cannon ×4 · Monk ×2
Feudal
19:29
Castillos
31:19
Imperial
38:51
| APM promedio | 24.4 |
| APM pico | 52 |
| eAPM promedio | 21.4 |
| Aldeanos / militares | 447 / 507 |
Foco
⚔️ 22.5% · 🌾 77.5%
Spearman ×402 · Trade Cart ×145 · Bombard Cannon ×94 · Trebuchet (Packed) ×10 · Monk ×1
Feudal
10:49
Castillos
15:20
Imperial
32:37
| APM promedio | 23.9 |
| APM pico | 76 |
| eAPM promedio | 16.8 |
| Aldeanos / militares | 179 / 505 |
Foco
⚔️ 26.7% · 🌾 73.3%
Scout Cavalry ×308 · Scorpion ×129 · Ballista Elephant ×58 · Trade Cart ×46 · Trebuchet (Packed) ×9 · Monk ×1
Feudal
12:49
Castillos
17:36
Imperial
28:05
| APM promedio | 20.7 |
| APM pico | 527 |
| eAPM promedio | 16.1 |
| Aldeanos / militares | 174 / 8 |
Foco
⚔️ 19.3% · 🌾 80.7%
Trebuchet (Packed) ×8
Feudal
12:42
Castillos
17:49
Imperial
34:18
| APM promedio | 13.6 |
| APM pico | 44 |
| eAPM promedio | 9.9 |
| Aldeanos / militares | 124 / 447 |
Foco
⚔️ 28.3% · 🌾 71.7%
Scout Cavalry ×447 · Trade Cart ×10
Feudal
18:08
Castillos
27:04
Imperial
40:07
| APM promedio | 10.3 |
| APM pico | 52 |
| eAPM promedio | 8.3 |
| Aldeanos / militares | 132 / 165 |
Foco
⚔️ 38.0% · 🌾 62.0%
Spearman ×143 · Scorpion ×20 · Trebuchet (Packed) ×2
Feudal
11:20
Castillos
15:35
Imperial
36:48
| APM promedio | 24.0 |
| APM pico | 79 |
| eAPM promedio | 14.6 |
| Aldeanos / militares | 91 / 223 |
Foco
⚔️ 35.4% · 🌾 64.6%
War Elephant ×219 · Trebuchet (Packed) ×3 · Monk ×1
Feudal
11:11
Castillos
16:21
Imperial
30:20
| APM promedio | 20.1 |
| APM pico | 48 |
| eAPM promedio | 14.4 |
| Aldeanos / militares | 144 / 643 |
Foco
⚔️ 28.3% · 🌾 71.7%
Scout Cavalry ×427 · Scorpion ×205 · Trebuchet (Packed) ×10 · Monk ×1
Mapa de la partida
Recursos iniciales + cada clic de construcción. Líneas = muros · curvas = relieve. ◆ oro · ⬟ piedra · ● bayas · ✦ reliquia · ◌ hueco del cierre
Tu base· ✓ Cerrada en 23:03 · 64t muro · 2 puerta(s) · frágil
Base de Anipazronkin· ✓ Cerrada en 31:19 · 90t muro · 5 puerta(s)
Base de 蔡徐坤· Abierta — flanco sin cerrar
Base de fatmuddybear· ✓ Cerrada en 17:36 · 52t muro · sin puerta
Base de Mzct. Oswaldo· ✓ Cerrada en 17:49 · 8t muro · 1 puerta(s) · frágil
Base de lothal· ✓ Cerrada en 27:04 · 35t muro · sin puerta
Base de Ancerly· Abierta — flanco sin cerrar
Base de 236223212· ✓ Cerrada en 16:21 · 0t muro · sin puerta
Terreno inicial suavizado · ◌ = hueco del cierre detectado · pasá el cursor para detalles
Inputs por minuto
— Nopec - - Anipazronkin
Build order — Nopec
Primeras 150 de 382 acciones detectadas
| 0:03 | Crear | Villager (Male) |
| 0:03 | Crear | Villager (Male) |
| 0:03 | Crear | Villager (Male) |
| 0:04 | Construir | House |
| 0:07 | Construir | House |
| 0:10 | Crear | Villager (Male) |
| 0:11 | Crear | Villager (Male) |
| 0:13 | Investigar | Loom |
| 0:13 | Crear | Villager (Male) |
| 0:14 | Crear | Villager (Male) |
| 0:14 | Crear | Villager (Male) |
| 0:14 | Crear | Villager (Male) |
| 0:41 | Construir | Palisade Wall |
| 1:55 | Construir | Palisade Wall |
| 2:37 | Crear | Villager (Male) |
| 3:45 | Crear | Villager (Male) |
| 4:21 | Crear | Villager (Male) |
| 5:30 | Crear | Villager (Male) |
| 5:59 | Construir | Mill |
| 6:03 | Crear | Villager (Male) |
| 6:36 | Crear | Villager (Male) |
| 6:42 | Crear | Villager (Male) |
| 7:14 | Construir | Lumber Camp |
| 7:32 | Crear | Villager (Male) |
| 7:43 | Construir | House |
| 7:58 | Crear | Villager (Male) |
| 8:35 | Construir | House |
| 8:53 | Crear | Villager (Male) |
| 8:54 | Crear | Villager (Male) |
| 8:54 | Crear | Villager (Male) |
| 9:13 | Construir | House |
| 9:43 | Crear | Villager (Male) |
| 10:24 | Crear | Villager (Male) |
| 10:35 | Crear | Villager (Male) |
| 11:11 | Crear | Villager (Male) |
| 11:53 | Investigar | Feudal Age |
| 11:56 | Construir | Mining Camp |
| 12:19 | Construir | Barracks |
| 12:47 | Crear | Villager (Male) |
| 12:48 | Crear | Villager (Male) |
| 13:11 | Construir | Mill |
| 14:03 | Edad | Edad Feudal |
| 14:09 | Construir | Stone Wall |
| 14:14 | Construir | Gate |
| 14:27 | Construir | Stone Wall |
| 14:36 | Construir | Gate |
| 14:44 | Crear | Villager (Male) |
| 15:16 | Crear | Villager (Male) |
| 15:22 | Crear | Villager (Male) |
| 15:48 | Crear | Villager (Male) |
| 15:55 | Investigar | Horse Collar |
| 15:56 | Investigar | Double-Bit Axe |
| 16:12 | Construir | House |
| 16:13 | Construir | House |
| 16:18 | Crear | Villager (Male) |
| 16:24 | Construir | Farm |
| 16:24 | Construir | Farm |
| 16:25 | Construir | Farm |
| 16:25 | Construir | Farm |
| 16:25 | Construir | Farm |
| 16:33 | Construir | Farm |
| 16:33 | Construir | Farm |
| 16:36 | Construir | Farm |
| 16:54 | Crear | Villager (Male) |
| 16:54 | Crear | Villager (Male) |
| 17:25 | Crear | Villager (Male) |
| 18:07 | Crear | Villager (Male) |
| 18:24 | Construir | Blacksmith |
| 18:31 | Crear | Villager (Male) |
| 18:31 | Crear | Villager (Male) |
| 18:46 | Construir | House |
| 18:47 | Construir | House |
| 18:47 | Construir | House |
| 18:51 | Crear | Villager (Male) |
| 19:05 | Crear | Villager (Male) |
| 19:17 | Construir | Stable |
| 20:23 | Investigar | Castle Age |
| 20:32 | Construir | Farm |
| 20:32 | Construir | Farm |
| 20:32 | Construir | Farm |
| 20:32 | Construir | Farm |
| 20:32 | Construir | Farm |
| 21:45 | Construir | Outpost |
| 21:49 | Crear | Villager (Male) |
| 21:50 | Crear | Villager (Male) |
| 22:14 | Crear | Villager (Male) |
| 22:36 | Investigar | Stone Mining |
| 22:37 | Investigar | Gold Mining |
| 22:46 | Construir | House |
| 22:46 | Construir | House |
| 22:47 | Construir | House |
| 22:48 | Construir | House |
| 23:03 | Edad | Edad de los Castillos |
| 23:07 | Construir | Town Center |
| 23:18 | Investigar | Bow Saw |
| 23:29 | Crear | Villager (Male) |
| 23:41 | Crear | Villager (Male) |
| 24:11 | Construir | Market |
| 24:30 | Investigar | Fletching |
| 24:33 | Crear | Villager (Male) ×5 |
| 24:34 | Crear | Villager (Male) ×2 |
| 25:07 | Construir | Castle |
| 25:23 | Construir | University |
| 25:30 | Crear | Villager (Male) |
| 25:30 | Crear | Villager (Male) |
| 25:31 | Crear | Villager (Male) |
| 25:31 | Crear | Villager (Male) |
| 25:32 | Crear | Villager (Male) |
| 26:07 | Investigar | Town Watch |
| 26:11 | Crear | Conquistador |
| 26:11 | Crear | Conquistador |
| 26:21 | Construir | Monastery |
| 26:26 | Crear | Villager (Male) |
| 26:27 | Crear | Villager (Male) |
| 26:35 | Investigar | Ballistics |
| 26:43 | Crear | Conquistador |
| 26:44 | Crear | Conquistador |
| 26:58 | Crear | Monk |
| 27:05 | Crear | Villager (Male) |
| 27:05 | Crear | Villager (Male) |
| 27:19 | Construir | Farm |
| 27:19 | Construir | Farm |
| 27:20 | Construir | Farm |
| 27:23 | Construir | Farm |
| 27:23 | Construir | Farm |
| 27:27 | Crear | Villager (Male) |
| 27:28 | Crear | Villager (Male) |
| 27:40 | Construir | Farm |
| 27:42 | Crear | Villager (Male) |
| 28:12 | Crear | Conquistador ×2 |
| 28:55 | Investigar | Bodkin Arrow |
| 28:59 | Construir | Farm |
| 29:02 | Construir | Farm |
| 29:06 | Construir | Farm |
| 29:09 | Construir | Farm |
| 29:09 | Construir | Farm |
| 29:11 | Investigar | Heavy Plow |
| 29:20 | Crear | Villager (Male) |
| 29:21 | Crear | Villager (Male) |
| 29:31 | Crear | Conquistador |
| 29:31 | Crear | Conquistador |
| 29:54 | Crear | Conquistador |
| 30:03 | Construir | Farm |
| 30:05 | Crear | Villager (Male) |
| 30:05 | Crear | Villager (Male) |
| 30:13 | Crear | Villager (Male) |
| 30:13 | Crear | Villager (Male) |
| 30:21 | Construir | Town Center |
| 30:32 | Crear | Conquistador |
| 30:32 | Crear | Conquistador |
Build order — Anipazronkin
Primeras 150 de 929 acciones detectadas
| 0:06 | Crear | Villager (Male) ×4 |
| 0:06 | Investigar | Loom |
| 0:09 | Construir | House |
| 0:11 | Construir | House |
| 0:43 | Crear | Villager (Male) |
| 0:43 | Crear | Villager (Male) |
| 1:59 | Crear | Villager (Male) |
| 2:33 | Construir | Palisade Wall |
| 2:38 | Crear | Villager (Male) |
| 2:38 | Crear | Villager (Male) |
| 3:00 | Crear | Villager (Male) |
| 3:00 | Crear | Villager (Male) |
| 3:06 | Construir | Palisade Gate |
| 3:29 | Crear | Villager (Male) |
| 3:57 | Crear | Villager (Male) |
| 4:02 | Construir | House |
| 4:14 | Crear | Villager (Male) |
| 4:35 | Construir | Mill |
| 5:16 | Construir | House |
| 5:39 | Crear | Villager (Male) |
| 5:48 | Construir | House |
| 5:56 | Crear | Villager (Male) |
| 6:22 | Crear | Villager (Male) |
| 6:22 | Crear | Villager (Male) |
| 6:28 | Crear | Villager (Male) |
| 6:48 | Crear | Villager (Male) |
| 6:59 | Crear | Villager (Male) |
| 7:22 | Construir | House |
| 7:24 | Construir | House |
| 7:28 | Crear | Villager (Male) |
| 7:31 | Construir | House |
| 7:46 | Crear | Villager (Male) |
| 8:04 | Crear | Villager (Male) |
| 8:21 | Crear | Villager (Male) |
| 8:42 | Construir | Barracks |
| 8:48 | Crear | Villager (Male) |
| 8:57 | Crear | Villager (Male) |
| 9:19 | Crear | Villager (Male) |
| 9:55 | Construir | Lumber Camp |
| 10:40 | Crear | Villager (Male) |
| 10:40 | Crear | Villager (Male) |
| 10:54 | Construir | Lumber Camp |
| 11:33 | Construir | Mill |
| 11:38 | Crear | Villager (Male) |
| 11:39 | Crear | Villager (Male) |
| 11:56 | Construir | Lumber Camp |
| 12:00 | Crear | Villager (Male) |
| 12:00 | Crear | Villager (Male) |
| 12:00 | Crear | Villager (Male) |
| 12:01 | Crear | Villager (Male) |
| 12:01 | Crear | Villager (Male) |
| 12:01 | Crear | Villager (Male) |
| 12:02 | Crear | Villager (Male) |
| 12:02 | Crear | Villager (Male) |
| 12:36 | Construir | House |
| 12:37 | Construir | House |
| 12:38 | Construir | House |
| 12:38 | Construir | House |
| 12:39 | Construir | House |
| 12:40 | Construir | House |
| 12:40 | Construir | House |
| 12:41 | Construir | House |
| 13:43 | Crear | Villager (Male) |
| 14:15 | Construir | Farm |
| 14:16 | Construir | Farm |
| 14:17 | Construir | Farm |
| 14:18 | Construir | Farm |
| 14:19 | Construir | Farm |
| 14:20 | Construir | Farm |
| 14:20 | Construir | Farm |
| 14:21 | Construir | Farm |
| 14:49 | Construir | Farm |
| 14:50 | Construir | Farm |
| 14:50 | Construir | Farm |
| 14:51 | Construir | Farm |
| 14:56 | Construir | Farm |
| 14:57 | Construir | Farm |
| 14:58 | Construir | Farm |
| 14:58 | Construir | Farm |
| 14:59 | Construir | Farm |
| 15:07 | Crear | Villager (Male) |
| 15:08 | Crear | Villager (Male) |
| 15:12 | Crear | Villager (Male) |
| 15:39 | Crear | Villager (Male) |
| 15:39 | Crear | Villager (Male) |
| 15:39 | Crear | Villager (Male) |
| 15:40 | Crear | Villager (Male) |
| 15:43 | Construir | House |
| 15:44 | Construir | House |
| 15:44 | Construir | House |
| 15:46 | Construir | House |
| 15:47 | Construir | House |
| 15:48 | Construir | House |
| 15:49 | Construir | House |
| 15:49 | Construir | House |
| 15:52 | Crear | Villager (Male) |
| 15:52 | Crear | Villager (Male) |
| 15:52 | Crear | Villager (Male) |
| 16:18 | Crear | Villager (Male) |
| 17:06 | Crear | Villager (Male) |
| 17:06 | Crear | Villager (Male) |
| 17:06 | Crear | Villager (Male) |
| 17:06 | Crear | Villager (Male) |
| 17:07 | Crear | Villager (Male) |
| 17:11 | Investigar | Feudal Age |
| 17:12 | Crear | Villager (Male) |
| 17:12 | Crear | Villager (Male) |
| 17:13 | Crear | Villager (Male) |
| 17:13 | Crear | Villager (Male) |
| 17:46 | Crear | Villager (Male) |
| 17:47 | Crear | Villager (Male) |
| 18:38 | Construir | Lumber Camp |
| 19:29 | Edad | Edad Feudal |
| 19:34 | Construir | Stone Wall |
| 19:37 | Construir | Gate |
| 20:04 | Construir | Watch Tower |
| 20:22 | Construir | Farm |
| 20:23 | Construir | Farm |
| 20:34 | Construir | Lumber Camp |
| 20:39 | Investigar | Wheelbarrow |
| 20:40 | Crear | Villager (Male) |
| 20:40 | Crear | Villager (Male) |
| 20:40 | Crear | Villager (Male) |
| 20:41 | Crear | Villager (Male) |
| 20:41 | Crear | Villager (Male) |
| 20:41 | Crear | Villager (Male) |
| 20:46 | Construir | Farm |
| 20:48 | Construir | Farm |
| 20:49 | Construir | Farm |
| 20:51 | Construir | Farm |
| 20:52 | Construir | Farm |
| 20:54 | Construir | Farm |
| 20:55 | Construir | Farm |
| 21:39 | Investigar | Double-Bit Axe |
| 22:12 | Construir | Stone Wall |
| 22:23 | Construir | Mining Camp |
| 22:28 | Investigar | Horse Collar |
| 22:32 | Crear | Villager (Male) |
| 22:32 | Crear | Villager (Male) |
| 22:37 | Construir | Blacksmith |
| 23:02 | Construir | Market |
| 23:08 | Investigar | Stone Mining |
| 23:08 | Investigar | Gold Mining |
| 23:19 | Construir | Mining Camp |
| 23:22 | Investigar | Fletching |
| 23:27 | Crear | Villager (Male) |
| 23:28 | Crear | Villager (Male) |
| 23:38 | Construir | Stone Wall |
| 23:56 | Construir | Lumber Camp |
| 24:06 | Crear | Villager (Male) |
Build order — 蔡徐坤
Primeras 150 de 523 acciones detectadas
| 0:04 | Construir | House |
| 0:05 | Construir | House |
| 0:08 | Crear | Villager (Male) |
| 0:09 | Crear | Villager (Male) |
| 0:09 | Crear | Villager (Male) |
| 0:09 | Crear | Villager (Male) |
| 1:46 | Crear | Villager (Male) |
| 2:01 | Construir | Lumber Camp |
| 2:29 | Crear | Villager (Male) |
| 2:29 | Crear | Villager (Male) |
| 2:29 | Crear | Villager (Male) |
| 3:19 | Crear | Villager (Male) |
| 3:20 | Crear | Villager (Male) |
| 3:20 | Crear | Villager (Male) |
| 3:51 | Construir | House |
| 3:52 | Construir | House |
| 4:01 | Crear | Villager (Male) |
| 4:32 | Crear | Villager (Male) |
| 4:33 | Crear | Villager (Male) |
| 5:00 | Crear | Villager (Male) |
| 5:00 | Crear | Villager (Male) |
| 5:57 | Construir | Mill |
| 6:02 | Crear | Villager (Male) |
| 6:03 | Crear | Villager (Male) |
| 6:03 | Crear | Villager (Male) |
| 6:04 | Crear | Villager (Male) |
| 6:38 | Crear | Villager (Male) |
| 6:39 | Crear | Villager (Male) |
| 6:40 | Crear | Villager (Male) |
| 7:01 | Construir | Mill |
| 8:39 | Investigar | Feudal Age |
| 10:49 | Edad | Edad Feudal |
| 10:51 | Crear | Villager (Male) |
| 10:51 | Crear | Villager (Male) |
| 10:55 | Construir | House |
| 11:30 | Construir | Market |
| 11:36 | Crear | Villager (Male) |
| 11:43 | Construir | Blacksmith |
| 12:05 | Crear | Villager (Male) |
| 12:40 | Investigar | Castle Age |
| 12:41 | Investigar | Castle Age |
| 13:03 | Construir | Mill |
| 13:38 | Investigar | Double-Bit Axe |
| 15:16 | Construir | House |
| 15:20 | Edad | Edad de los Castillos |
| 15:25 | Construir | Town Center |
| 15:26 | Crear | Villager (Male) |
| 15:26 | Crear | Villager (Male) |
| 15:26 | Crear | Villager (Male) |
| 15:31 | Construir | Town Center |
| 15:44 | Construir | Farm |
| 15:45 | Construir | Farm |
| 15:46 | Construir | Farm |
| 15:47 | Construir | Farm |
| 16:33 | Crear | Villager (Male) |
| 16:34 | Crear | Villager (Male) |
| 16:40 | Construir | House |
| 16:51 | Investigar | Wheelbarrow |
| 17:00 | Crear | Villager (Male) |
| 17:01 | Crear | Villager (Male) |
| 17:01 | Crear | Villager (Male) |
| 17:01 | Crear | Villager (Male) |
| 17:13 | Construir | Farm |
| 17:18 | Construir | Farm |
| 17:19 | Construir | Farm |
| 17:22 | Crear | Villager (Male) |
| 17:25 | Construir | Farm |
| 17:33 | Crear | Villager (Male) |
| 17:34 | Crear | Villager (Male) |
| 17:58 | Investigar | Bow Saw |
| 18:04 | Construir | Farm |
| 18:05 | Construir | Farm |
| 18:12 | Crear | Villager (Male) |
| 18:13 | Crear | Villager (Male) |
| 18:19 | Construir | Farm |
| 18:26 | Crear | Villager (Male) |
| 18:31 | Construir | Farm |
| 18:37 | Construir | Farm |
| 18:49 | Crear | Villager (Male) |
| 18:50 | Crear | Villager (Male) |
| 18:52 | Construir | Farm |
| 18:56 | Crear | Villager (Male) |
| 18:56 | Crear | Villager (Male) |
| 19:06 | Construir | Farm |
| 19:06 | Crear | Villager (Male) |
| 19:07 | Crear | Villager (Male) |
| 19:07 | Crear | Villager (Male) |
| 19:08 | Crear | Villager (Male) |
| 19:08 | Crear | Villager (Male) |
| 19:08 | Crear | Villager (Male) |
| 19:13 | Construir | Farm |
| 19:17 | Construir | Farm |
| 19:24 | Construir | Farm |
| 19:25 | Crear | Villager (Male) |
| 19:26 | Crear | Villager (Male) |
| 19:26 | Crear | Villager (Male) |
| 19:39 | Crear | Villager (Male) |
| 19:46 | Construir | Farm |
| 19:49 | Construir | Farm |
| 19:53 | Crear | Villager (Male) |
| 19:57 | Construir | House |
| 20:05 | Construir | House |
| 20:06 | Construir | House |
| 20:18 | Investigar | Hand Cart |
| 20:33 | Crear | Villager (Male) |
| 20:33 | Crear | Villager (Male) |
| 20:37 | Construir | Farm |
| 20:37 | Construir | Farm |
| 20:37 | Construir | Farm |
| 20:38 | Construir | Farm |
| 20:38 | Construir | Farm |
| 20:40 | Crear | Villager (Male) |
| 20:41 | Crear | Villager (Male) |
| 20:44 | Construir | House |
| 20:51 | Crear | Villager (Male) |
| 20:59 | Construir | Farm |
| 21:01 | Construir | Farm |
| 21:04 | Construir | Farm |
| 21:19 | Construir | Farm |
| 21:28 | Crear | Villager (Male) |
| 21:33 | Construir | House |
| 21:39 | Construir | Farm |
| 21:41 | Crear | Villager (Male) |
| 21:42 | Crear | Villager (Male) |
| 21:42 | Crear | Villager (Male) |
| 21:42 | Crear | Villager (Male) |
| 21:42 | Crear | Villager (Male) |
| 21:45 | Construir | Farm |
| 21:47 | Construir | Farm |
| 21:56 | Crear | Villager (Male) |
| 22:06 | Construir | Farm |
| 22:11 | Construir | Farm |
| 22:18 | Construir | House |
| 22:19 | Construir | House |
| 22:20 | Construir | House |
| 22:21 | Construir | House |
| 22:22 | Construir | House |
| 22:23 | Construir | House |
| 22:25 | Crear | Villager (Male) |
| 22:25 | Crear | Villager (Male) |
| 22:26 | Crear | Villager (Male) |
| 22:26 | Crear | Villager (Male) |
| 22:28 | Investigar | Horse Collar |
| 22:53 | Construir | Town Center |
| 23:00 | Crear | Villager (Male) |
| 23:01 | Crear | Villager (Male) |
| 23:01 | Crear | Villager (Male) |
| 23:01 | Crear | Villager (Male) |
| 23:21 | Construir | Monastery |
| 23:28 | Crear | Villager (Male) |
Build order — fatmuddybear
Primeras 150 de 256 acciones detectadas
| 0:02 | Crear | Villager (Male) |
| 0:02 | Crear | Villager (Male) |
| 0:02 | Crear | Villager (Male) |
| 0:03 | Crear | Villager (Male) |
| 0:04 | Construir | House |
| 0:06 | Construir | House |
| 2:02 | Crear | Villager (Male) |
| 2:02 | Crear | Villager (Male) |
| 2:11 | Crear | Villager (Male) |
| 2:12 | Crear | Villager (Male) |
| 2:50 | Crear | Villager (Male) |
| 2:50 | Crear | Villager (Male) |
| 3:01 | Crear | Villager (Male) |
| 3:01 | Crear | Villager (Male) |
| 3:27 | Construir | Palisade Wall |
| 3:31 | Crear | Villager (Male) |
| 3:42 | Construir | House |
| 3:43 | Construir | House |
| 4:26 | Crear | Villager (Male) |
| 4:26 | Crear | Villager (Male) |
| 4:36 | Construir | Palisade Wall |
| 4:48 | Construir | Palisade Wall |
| 4:49 | Crear | Villager (Male) |
| 4:49 | Crear | Villager (Male) |
| 5:17 | Crear | Villager (Male) |
| 5:17 | Crear | Villager (Male) |
| 5:34 | Construir | Lumber Camp |
| 5:50 | Crear | Villager (Male) |
| 5:50 | Crear | Villager (Male) |
| 5:58 | Crear | Villager (Male) |
| 6:18 | Crear | Villager (Male) |
| 6:31 | Crear | Villager (Male) |
| 6:31 | Crear | Villager (Male) |
| 6:43 | Construir | House |
| 7:14 | Crear | Villager (Male) |
| 7:14 | Crear | Villager (Male) |
| 7:45 | Crear | Villager (Male) |
| 7:45 | Crear | Villager (Male) |
| 7:55 | Construir | Mill |
| 8:43 | Construir | House |
| 8:53 | Crear | Villager (Male) |
| 8:53 | Crear | Villager (Male) |
| 8:53 | Crear | Villager (Male) |
| 9:24 | Crear | Villager (Male) |
| 9:28 | Construir | House |
| 9:55 | Construir | House |
| 9:56 | Construir | House |
| 10:24 | Construir | Mill |
| 10:39 | Investigar | Feudal Age |
| 11:09 | Construir | House |
| 12:05 | Construir | Outpost |
| 12:49 | Construir | Mining Camp |
| 12:49 | Edad | Edad Feudal |
| 12:51 | Crear | Villager (Male) |
| 12:51 | Crear | Villager (Male) |
| 12:52 | Crear | Villager (Male) |
| 12:52 | Crear | Villager (Male) |
| 12:52 | Crear | Villager (Male) |
| 12:52 | Crear | Villager (Male) |
| 12:53 | Crear | Villager (Male) |
| 12:53 | Crear | Villager (Male) |
| 12:53 | Crear | Villager (Male) |
| 12:53 | Crear | Villager (Male) |
| 12:54 | Crear | Villager (Male) |
| 12:54 | Crear | Villager (Male) |
| 12:54 | Crear | Villager (Male) |
| 12:54 | Crear | Villager (Male) |
| 12:55 | Crear | Villager (Male) |
| 12:55 | Crear | Villager (Male) |
| 13:09 | Construir | Stone Wall |
| 13:20 | Construir | Market |
| 13:31 | Construir | Blacksmith |
| 13:38 | Investigar | Double-Bit Axe |
| 14:03 | Crear | Villager (Male) |
| 14:25 | Crear | Villager (Male) |
| 14:56 | Investigar | Castle Age |
| 14:56 | Investigar | Castle Age |
| 15:23 | Investigar | Horse Collar |
| 15:30 | Investigar | Gold Mining |
| 15:53 | Construir | Mining Camp |
| 16:31 | Construir | Farm |
| 16:32 | Construir | Farm |
| 16:33 | Construir | Farm |
| 16:34 | Construir | Farm |
| 16:35 | Construir | Farm |
| 16:37 | Construir | Farm |
| 16:43 | Construir | Farm |
| 16:47 | Construir | Farm |
| 16:48 | Construir | Farm |
| 16:49 | Construir | Farm |
| 16:50 | Construir | Farm |
| 16:51 | Construir | Farm |
| 16:52 | Construir | Farm |
| 16:56 | Construir | Farm |
| 17:01 | Construir | Farm |
| 17:03 | Crear | Villager (Male) |
| 17:03 | Crear | Villager (Male) |
| 17:04 | Crear | Villager (Male) |
| 17:04 | Crear | Villager (Male) |
| 17:04 | Crear | Villager (Male) |
| 17:04 | Crear | Villager (Male) |
| 17:04 | Crear | Villager (Male) |
| 17:29 | Construir | House |
| 17:30 | Construir | House |
| 17:32 | Construir | House |
| 17:33 | Construir | House |
| 17:36 | Edad | Edad de los Castillos |
| 17:39 | Crear | Villager (Male) |
| 17:40 | Crear | Villager (Male) |
| 17:40 | Crear | Villager (Male) |
| 17:47 | Investigar | Bow Saw |
| 18:03 | Crear | Villager (Male) |
| 18:25 | Investigar | Heavy Plow |
| 18:25 | Investigar | Heavy Plow |
| 18:43 | Crear | Villager (Male) |
| 18:43 | Crear | Villager (Male) |
| 18:43 | Crear | Villager (Male) |
| 18:43 | Crear | Villager (Male) |
| 18:43 | Crear | Villager (Male) |
| 18:44 | Crear | Villager (Male) |
| 18:45 | Crear | Villager (Male) |
| 18:45 | Crear | Villager (Male) |
| 18:52 | Construir | Farm |
| 19:34 | Crear | Villager (Male) |
| 19:34 | Crear | Villager (Male) |
| 19:43 | Investigar | Gold Shaft Mining |
| 19:48 | Investigar | Wheelbarrow |
| 20:47 | Crear | Villager (Male) |
| 20:47 | Crear | Villager (Male) |
| 20:48 | Crear | Villager (Male) |
| 20:48 | Crear | Villager (Male) |
| 20:48 | Crear | Villager (Male) |
| 20:48 | Crear | Villager (Male) |
| 21:03 | Construir | Castle |
| 21:18 | Investigar | Hand Cart |
| 21:24 | Crear | Villager (Male) |
| 21:24 | Crear | Villager (Male) |
| 21:25 | Crear | Villager (Male) |
| 21:45 | Construir | Lumber Camp |
| 22:33 | Construir | House |
| 22:34 | Construir | House |
| 22:35 | Construir | House |
| 22:37 | Construir | House |
| 23:22 | Construir | Farm |
| 23:26 | Construir | Farm |
| 23:30 | Construir | Farm |
| 23:34 | Construir | Farm |
| 23:37 | Crear | Villager (Male) |
| 23:38 | Crear | Villager (Male) |
| 24:04 | Crear | Villager (Male) |
Build order — Mzct. Oswaldo
Primeras 150 de 437 acciones detectadas
| 0:01 | Crear | Villager (Male) |
| 0:02 | Crear | Villager (Male) |
| 0:02 | Crear | Villager (Male) |
| 0:02 | Crear | Villager (Male) |
| 0:05 | Construir | House |
| 0:07 | Construir | House |
| 0:38 | Construir | Palisade Wall |
| 1:50 | Crear | Villager (Male) |
| 1:50 | Crear | Villager (Male) |
| 2:16 | Crear | Villager (Male) |
| 2:43 | Construir | Lumber Camp |
| 2:45 | Crear | Villager (Male) |
| 3:06 | Crear | Villager (Male) |
| 3:51 | Investigar | Loom |
| 3:53 | Crear | Villager (Male) |
| 4:17 | Crear | Villager (Male) |
| 5:06 | Crear | Villager (Male) |
| 5:07 | Crear | Villager (Male) |
| 5:13 | Construir | Mill |
| 5:22 | Construir | House |
| 5:24 | Construir | House |
| 6:05 | Crear | Villager (Male) |
| 6:33 | Crear | Villager (Male) |
| 6:48 | Crear | Villager (Male) |
| 7:01 | Crear | Villager (Male) |
| 7:19 | Crear | Villager (Male) |
| 7:31 | Crear | Villager (Male) |
| 8:36 | Crear | Villager (Male) |
| 9:04 | Crear | Villager (Male) |
| 9:10 | Construir | House |
| 9:42 | Crear | Villager (Male) |
| 9:43 | Crear | Villager (Male) |
| 10:30 | Investigar | Feudal Age |
| 11:53 | Construir | Barracks |
| 12:21 | Construir | Palisade Gate |
| 12:42 | Edad | Edad Feudal |
| 12:50 | Construir | Farm |
| 12:50 | Construir | Farm |
| 12:51 | Construir | Farm |
| 12:52 | Construir | Farm |
| 12:52 | Construir | Farm |
| 12:53 | Construir | Farm |
| 12:54 | Construir | Farm |
| 13:13 | Crear | Villager (Male) |
| 13:13 | Crear | Villager (Male) |
| 13:13 | Crear | Villager (Male) |
| 14:05 | Construir | Market |
| 14:16 | Construir | Blacksmith |
| 14:22 | Crear | Villager (Male) |
| 14:53 | Construir | Farm |
| 15:02 | Construir | Farm |
| 15:09 | Investigar | Castle Age |
| 15:32 | Construir | Lumber Camp |
| 15:41 | Investigar | Town Watch |
| 16:02 | Investigar | Horse Collar |
| 16:06 | Investigar | Double-Bit Axe |
| 16:12 | Construir | House |
| 16:15 | Construir | House |
| 17:49 | Edad | Edad de los Castillos |
| 17:59 | Construir | Stable |
| 18:00 | Construir | Stable |
| 18:07 | Construir | Town Center |
| 18:12 | Investigar | Bow Saw |
| 18:15 | Crear | Villager (Male) |
| 18:16 | Crear | Villager (Male) |
| 18:43 | Investigar | Wheelbarrow |
| 19:14 | Construir | Farm |
| 19:15 | Construir | Farm |
| 19:16 | Construir | Farm |
| 19:17 | Construir | Farm |
| 19:21 | Construir | Farm |
| 19:27 | Crear | Villager (Male) |
| 19:39 | Construir | Farm |
| 20:22 | Construir | House |
| 20:24 | Construir | House |
| 20:25 | Crear | Villager (Male) |
| 20:26 | Crear | Villager (Male) |
| 20:57 | Construir | Town Center |
| 21:04 | Construir | Farm |
| 21:07 | Crear | Villager (Male) |
| 21:07 | Crear | Villager (Male) |
| 21:10 | Crear | Villager (Male) |
| 21:10 | Crear | Villager (Male) |
| 21:21 | Construir | House |
| 21:22 | Construir | House |
| 21:23 | Construir | House |
| 21:26 | Crear | Villager (Male) |
| 21:27 | Crear | Villager (Male) |
| 21:46 | Construir | Mining Camp |
| 21:53 | Crear | Villager (Male) |
| 21:53 | Crear | Villager (Male) |
| 21:53 | Crear | Villager (Male) |
| 22:28 | Crear | Villager (Male) |
| 22:28 | Crear | Villager (Male) |
| 22:30 | Crear | Villager (Male) |
| 22:41 | Construir | Farm |
| 22:44 | Construir | Farm |
| 22:47 | Construir | Farm |
| 22:56 | Construir | Farm |
| 23:08 | Crear | Villager (Male) |
| 23:08 | Crear | Villager (Male) |
| 23:12 | Crear | Villager (Male) |
| 23:12 | Crear | Villager (Male) |
| 23:12 | Crear | Villager (Male) |
| 23:13 | Crear | Villager (Male) |
| 23:13 | Crear | Villager (Male) |
| 23:13 | Crear | Villager (Male) |
| 23:13 | Crear | Villager (Male) |
| 23:14 | Crear | Villager (Male) |
| 23:17 | Construir | House |
| 23:19 | Construir | House |
| 23:20 | Construir | House |
| 23:54 | Investigar | Scale Barding Armor |
| 23:58 | Crear | Villager (Male) |
| 23:58 | Crear | Villager (Male) |
| 23:59 | Crear | Villager (Male) |
| 24:01 | Crear | Villager (Male) |
| 24:10 | Construir | Mining Camp |
| 24:18 | Crear | Villager (Male) |
| 24:18 | Crear | Villager (Male) |
| 24:24 | Construir | Farm |
| 24:39 | Construir | Farm |
| 24:43 | Crear | Villager (Male) |
| 24:43 | Crear | Villager (Male) |
| 24:43 | Crear | Villager (Male) |
| 24:53 | Construir | Farm |
| 25:09 | Construir | Stable |
| 25:13 | Crear | Villager (Male) |
| 25:13 | Crear | Villager (Male) |
| 25:14 | Crear | Villager (Male) |
| 25:15 | Crear | Villager (Male) |
| 25:31 | Construir | Market |
| 25:41 | Construir | House |
| 25:45 | Construir | House |
| 25:51 | Crear | Villager (Male) |
| 25:52 | Crear | Villager (Male) |
| 25:54 | Crear | Villager (Male) |
| 25:54 | Crear | Villager (Male) |
| 26:12 | Crear | Villager (Male) |
| 26:13 | Crear | Villager (Male) |
| 26:20 | Construir | Mining Camp |
| 26:24 | Crear | Villager (Male) |
| 26:24 | Crear | Villager (Male) |
| 26:24 | Crear | Villager (Male) |
| 26:26 | Crear | Villager (Male) |
| 26:26 | Crear | Villager (Male) |
| 27:01 | Crear | Villager (Male) |
| 27:02 | Crear | Villager (Male) |
| 27:02 | Crear | Villager (Male) |
| 27:10 | Construir | House |
Build order — lothal
Primeras 150 de 461 acciones detectadas
| 0:09 | Investigar | Loom |
| 0:09 | Crear | Villager (Male) |
| 0:10 | Crear | Villager (Male) |
| 0:10 | Crear | Villager (Male) |
| 0:10 | Crear | Villager (Male) |
| 0:10 | Crear | Villager (Male) |
| 0:20 | Construir | House |
| 1:19 | Construir | Palisade Wall |
| 1:29 | Construir | Palisade Wall |
| 2:38 | Construir | Palisade Wall |
| 2:53 | Construir | House |
| 2:54 | Construir | House |
| 2:56 | Construir | House |
| 2:57 | Construir | House |
| 3:02 | Construir | House |
| 4:43 | Crear | Villager (Male) |
| 4:43 | Crear | Villager (Male) |
| 5:58 | Crear | Villager (Male) |
| 5:58 | Crear | Villager (Male) |
| 5:58 | Crear | Villager (Male) |
| 5:59 | Crear | Villager (Male) |
| 6:44 | Crear | Villager (Male) |
| 6:44 | Crear | Villager (Male) |
| 6:45 | Crear | Villager (Male) |
| 6:56 | Crear | Villager (Male) |
| 6:56 | Crear | Villager (Male) |
| 6:56 | Crear | Villager (Male) |
| 7:26 | Crear | Villager (Male) |
| 7:26 | Crear | Villager (Male) |
| 7:42 | Crear | Villager (Male) |
| 7:42 | Crear | Villager (Male) |
| 7:52 | Crear | Villager (Male) |
| 7:52 | Crear | Villager (Male) |
| 8:09 | Crear | Villager (Male) |
| 8:09 | Crear | Villager (Male) |
| 8:29 | Crear | Villager (Male) |
| 8:30 | Crear | Villager (Male) |
| 8:30 | Crear | Villager (Male) |
| 8:33 | Crear | Villager (Male) |
| 8:33 | Crear | Villager (Male) |
| 9:15 | Crear | Villager (Male) |
| 9:15 | Crear | Villager (Male) |
| 9:15 | Crear | Villager (Male) |
| 9:16 | Crear | Villager (Male) |
| 11:41 | Crear | Villager (Male) |
| 11:42 | Crear | Villager (Male) |
| 11:42 | Crear | Villager (Male) |
| 11:42 | Crear | Villager (Male) |
| 11:45 | Crear | Villager (Male) |
| 12:05 | Crear | Villager (Male) |
| 12:05 | Crear | Villager (Male) |
| 13:02 | Construir | Mill |
| 14:09 | Construir | Lumber Camp |
| 15:16 | Investigar | Feudal Age |
| 15:32 | Construir | Mining Camp |
| 16:00 | Construir | Mill |
| 16:52 | Construir | House |
| 16:53 | Construir | House |
| 16:54 | Construir | House |
| 16:55 | Construir | House |
| 16:56 | Construir | House |
| 17:01 | Construir | House |
| 17:58 | Crear | Villager (Male) |
| 17:58 | Crear | Villager (Male) |
| 17:59 | Crear | Villager (Male) |
| 18:00 | Crear | Villager (Male) |
| 18:00 | Crear | Villager (Male) |
| 18:08 | Edad | Edad Feudal |
| 18:26 | Construir | Barracks |
| 18:58 | Construir | House |
| 19:12 | Crear | Villager (Male) |
| 19:12 | Crear | Villager (Male) |
| 19:12 | Crear | Villager (Male) |
| 19:13 | Crear | Villager (Male) |
| 19:13 | Crear | Villager (Male) |
| 19:14 | Crear | Villager (Male) |
| 19:14 | Crear | Villager (Male) |
| 19:20 | Crear | Villager (Male) |
| 19:30 | Construir | House |
| 20:00 | Investigar | Double-Bit Axe |
| 20:30 | Construir | House |
| 20:32 | Construir | House |
| 21:30 | Construir | Mill |
| 21:36 | Construir | House |
| 21:37 | Construir | House |
| 21:43 | Construir | House |
| 22:11 | Construir | Mining Camp |
| 22:43 | Construir | Market |
| 22:56 | Investigar | Horse Collar |
| 23:13 | Construir | Blacksmith |
| 23:34 | Crear | Villager (Male) |
| 23:34 | Crear | Villager (Male) |
| 23:35 | Crear | Villager (Male) |
| 24:15 | Investigar | Castle Age |
| 24:52 | Construir | House |
| 24:53 | Construir | House |
| 25:08 | Construir | Barracks |
| 25:09 | Construir | Barracks |
| 25:10 | Construir | Barracks |
| 25:27 | Investigar | Town Watch |
| 25:55 | Construir | House |
| 25:57 | Construir | House |
| 25:58 | Construir | House |
| 25:59 | Construir | House |
| 26:02 | Construir | House |
| 26:04 | Construir | House |
| 26:22 | Construir | Mining Camp |
| 26:37 | Construir | Stone Wall |
| 27:04 | Edad | Edad de los Castillos |
| 27:21 | Construir | Town Center |
| 27:36 | Construir | Town Center |
| 28:00 | Construir | Town Center |
| 28:10 | Construir | Town Center |
| 28:21 | Construir | University |
| 28:42 | Investigar | Bow Saw |
| 28:48 | Investigar | Heavy Plow |
| 29:28 | Crear | Villager (Male) |
| 29:28 | Crear | Villager (Male) |
| 29:29 | Crear | Villager (Male) |
| 29:30 | Crear | Villager (Male) |
| 29:30 | Crear | Villager (Male) |
| 29:31 | Crear | Villager (Male) |
| 29:31 | Crear | Villager (Male) |
| 29:32 | Crear | Villager (Male) |
| 29:32 | Crear | Villager (Male) |
| 29:33 | Crear | Villager (Male) |
| 30:15 | Construir | Farm |
| 30:16 | Construir | Farm |
| 30:17 | Construir | Farm |
| 30:22 | Construir | Farm |
| 30:23 | Construir | Farm |
| 30:24 | Construir | Farm |
| 30:25 | Construir | Farm |
| 30:27 | Construir | Farm |
| 30:28 | Construir | Farm |
| 30:29 | Construir | Farm |
| 30:31 | Construir | Farm |
| 30:32 | Construir | Farm |
| 30:59 | Construir | Farm |
| 31:00 | Construir | Farm |
| 31:01 | Construir | Farm |
| 31:03 | Construir | Farm |
| 31:05 | Construir | Farm |
| 31:20 | Construir | Monastery |
| 32:04 | Construir | Farm |
| 32:05 | Construir | Farm |
| 32:08 | Construir | Farm |
| 32:15 | Construir | Farm |
| 32:19 | Construir | Farm |
| 32:23 | Construir | Farm |
Build order — Ancerly
Primeras 150 de 422 acciones detectadas
| 0:04 | Construir | House |
| 0:04 | Construir | House |
| 0:09 | Crear | Villager (Male) |
| 0:09 | Crear | Villager (Male) |
| 0:10 | Crear | Villager (Male) |
| 0:10 | Crear | Villager (Male) |
| 0:10 | Crear | Villager (Male) |
| 1:04 | Construir | House |
| 1:16 | Construir | House |
| 2:07 | Crear | Villager (Male) |
| 2:07 | Crear | Villager (Male) |
| 3:05 | Crear | Villager (Male) |
| 3:05 | Crear | Villager (Male) |
| 3:06 | Crear | Villager (Male) |
| 3:29 | Crear | Villager (Male) |
| 3:30 | Crear | Villager (Male) |
| 3:40 | Crear | Villager (Male) |
| 3:40 | Crear | Villager (Male) |
| 4:06 | Crear | Villager (Male) |
| 4:29 | Crear | Villager (Male) |
| 4:29 | Crear | Villager (Male) |
| 4:30 | Crear | Villager (Male) |
| 4:40 | Construir | Lumber Camp |
| 5:40 | Construir | Mill |
| 5:45 | Crear | Villager (Male) |
| 5:46 | Crear | Villager (Male) |
| 5:46 | Crear | Villager (Male) |
| 7:19 | Crear | Villager (Male) |
| 7:21 | Crear | Villager (Male) |
| 9:16 | Investigar | Feudal Age |
| 9:17 | Investigar | Feudal Age |
| 11:20 | Edad | Edad Feudal |
| 11:29 | Construir | Blacksmith |
| 11:42 | Construir | Stone Wall |
| 11:48 | Construir | Gate |
| 12:06 | Construir | Market |
| 12:39 | Crear | Villager (Male) |
| 13:10 | Investigar | Castle Age |
| 13:10 | Investigar | Castle Age |
| 13:15 | Construir | Mining Camp |
| 13:32 | Construir | Mining Camp |
| 14:29 | Construir | Stone Wall |
| 14:54 | Construir | Mill |
| 15:33 | Crear | Villager (Male) |
| 15:34 | Crear | Villager (Male) |
| 15:34 | Crear | Villager (Male) |
| 15:35 | Edad | Edad de los Castillos |
| 15:40 | Investigar | Double-Bit Axe |
| 15:45 | Crear | Villager (Male) |
| 15:45 | Crear | Villager (Male) |
| 15:57 | Crear | Villager (Male) |
| 15:57 | Crear | Villager (Male) |
| 16:17 | Construir | Stone Wall |
| 16:29 | Construir | Gate |
| 16:37 | Crear | Villager (Male) |
| 16:38 | Crear | Villager (Male) |
| 16:48 | Construir | House |
| 16:50 | Construir | House |
| 17:41 | Construir | House |
| 17:43 | Construir | House |
| 18:11 | Investigar | Bow Saw |
| 18:11 | Investigar | Bow Saw |
| 19:03 | Crear | Villager (Male) |
| 19:04 | Crear | Villager (Male) |
| 19:04 | Crear | Villager (Male) |
| 19:11 | Construir | House |
| 19:16 | Construir | House |
| 19:20 | Investigar | Stone Mining |
| 20:03 | Crear | Villager (Male) |
| 20:03 | Crear | Villager (Male) |
| 20:12 | Construir | Castle |
| 20:29 | Crear | Villager (Male) |
| 20:29 | Crear | Villager (Male) |
| 20:40 | Investigar | Horse Collar |
| 21:02 | Construir | Monastery |
| 21:31 | Construir | Mining Camp |
| 22:06 | Crear | Monk |
| 22:09 | Crear | Villager (Male) |
| 22:10 | Crear | Villager (Male) |
| 22:10 | Crear | Villager (Male) |
| 22:12 | Construir | Farm |
| 22:14 | Construir | Farm |
| 22:21 | Construir | Mining Camp |
| 23:07 | Construir | Farm |
| 23:10 | Construir | Farm |
| 23:18 | Construir | Farm |
| 23:55 | Construir | Castle |
| 24:31 | Construir | University |
| 24:39 | Construir | Barracks |
| 25:01 | Crear | Villager (Male) |
| 25:01 | Crear | Villager (Male) |
| 25:02 | Crear | Villager (Male) |
| 25:02 | Crear | Villager (Male) |
| 25:17 | Crear | Villager (Male) |
| 25:47 | Crear | Villager (Male) |
| 25:50 | Construir | Farm |
| 25:53 | Construir | Farm |
| 26:38 | Construir | Mill |
| 27:16 | Crear | Villager (Male) |
| 27:16 | Crear | Villager (Male) |
| 27:16 | Crear | Villager (Male) |
| 27:16 | Crear | Villager (Male) |
| 27:17 | Crear | Villager (Male) |
| 27:23 | Construir | Farm |
| 27:27 | Construir | Farm |
| 27:30 | Construir | Farm |
| 27:37 | Crear | Villager (Male) |
| 27:46 | Construir | Farm |
| 28:03 | Construir | Farm |
| 28:05 | Crear | Villager (Male) |
| 28:40 | Construir | Farm |
| 28:42 | Crear | Villager (Male) |
| 28:43 | Crear | Villager (Male) |
| 28:47 | Construir | Farm |
| 28:56 | Investigar | Heavy Plow |
| 28:59 | Crear | Villager (Male) |
| 29:10 | Construir | Farm |
| 29:14 | Crear | Villager (Male) |
| 29:30 | Construir | Stable |
| 29:41 | Construir | Mill |
| 30:03 | Construir | Mining Camp |
| 30:22 | Construir | Mill |
| 30:28 | Construir | Farm |
| 30:37 | Construir | Farm |
| 30:47 | Crear | Villager (Male) |
| 30:48 | Crear | Villager (Male) |
| 30:48 | Crear | Villager (Male) |
| 30:48 | Crear | Villager (Male) |
| 30:48 | Crear | Villager (Male) |
| 30:50 | Crear | Villager (Male) |
| 30:50 | Crear | Villager (Male) |
| 30:51 | Crear | Villager (Male) |
| 31:08 | Investigar | Gold Mining |
| 31:26 | Construir | Castle |
| 31:40 | Crear | Villager (Male) |
| 31:40 | Crear | Villager (Male) |
| 31:41 | Crear | Villager (Male) |
| 31:47 | Construir | Farm |
| 31:58 | Construir | Farm |
| 32:04 | Construir | Farm |
| 32:09 | Construir | Farm |
| 32:12 | Construir | Farm |
| 32:16 | Construir | Farm |
| 32:22 | Construir | Farm |
| 32:28 | Construir | Farm |
| 32:35 | Construir | Farm |
| 32:44 | Construir | Farm |
| 33:04 | Construir | Farm |
| 33:28 | Construir | Farm |
| 33:49 | Investigar | Husbandry |
Build order — 236223212
Primeras 150 de 544 acciones detectadas
| 0:03 | Crear | Villager (Male) |
| 0:04 | Crear | Villager (Male) |
| 0:06 | Construir | House |
| 0:07 | Construir | House |
| 0:25 | Crear | Villager (Male) |
| 0:26 | Crear | Villager (Male) |
| 1:25 | Investigar | Loom |
| 1:36 | Construir | House |
| 1:38 | Construir | House |
| 2:02 | Crear | Villager (Male) |
| 2:03 | Crear | Villager (Male) |
| 2:03 | Crear | Villager (Male) |
| 2:44 | Crear | Villager (Male) |
| 2:44 | Crear | Villager (Male) |
| 2:58 | Construir | Lumber Camp |
| 3:01 | Crear | Villager (Male) |
| 3:02 | Crear | Villager (Male) |
| 3:49 | Crear | Villager (Male) |
| 3:49 | Crear | Villager (Male) |
| 4:02 | Crear | Villager (Male) |
| 4:02 | Crear | Villager (Male) |
| 4:26 | Crear | Villager (Male) |
| 5:10 | Crear | Villager (Male) |
| 5:10 | Crear | Villager (Male) |
| 5:41 | Crear | Villager (Male) |
| 5:41 | Crear | Villager (Male) |
| 5:41 | Crear | Villager (Male) |
| 5:54 | Construir | Mill |
| 6:29 | Crear | Villager (Male) |
| 6:30 | Crear | Villager (Male) |
| 6:30 | Crear | Villager (Male) |
| 6:30 | Crear | Villager (Male) |
| 7:15 | Crear | Villager (Male) |
| 7:15 | Crear | Villager (Male) |
| 7:46 | Crear | Villager (Male) |
| 8:01 | Construir | Farm |
| 8:20 | Crear | Villager (Male) |
| 8:51 | Construir | House |
| 9:01 | Investigar | Feudal Age |
| 9:23 | Construir | Farm |
| 9:49 | Crear | Villager (Male) |
| 9:52 | Crear | Villager (Male) |
| 10:47 | Construir | Mill |
| 11:03 | Crear | Villager (Male) |
| 11:11 | Edad | Edad Feudal |
| 11:15 | Construir | Market |
| 11:28 | Crear | Villager (Male) |
| 12:06 | Crear | Villager (Male) |
| 12:10 | Construir | House |
| 12:38 | Construir | Blacksmith |
| 12:45 | Crear | Villager (Male) |
| 12:55 | Construir | House |
| 13:22 | Construir | Farm |
| 13:33 | Investigar | Castle Age |
| 13:57 | Crear | Villager (Male) |
| 14:02 | Investigar | Double-Bit Axe |
| 14:22 | Crear | Villager (Male) |
| 14:27 | Construir | House |
| 14:28 | Construir | House |
| 14:56 | Investigar | Horse Collar |
| 15:21 | Crear | Villager (Male) |
| 16:21 | Edad | Edad de los Castillos |
| 16:28 | Construir | Town Center |
| 16:41 | Construir | Town Center |
| 17:01 | Construir | Mining Camp |
| 17:05 | Crear | Villager (Male) |
| 17:09 | Investigar | Bow Saw |
| 17:09 | Investigar | Bow Saw |
| 17:33 | Crear | Villager (Male) |
| 17:33 | Crear | Villager (Male) |
| 17:41 | Construir | Farm |
| 17:52 | Construir | Farm |
| 17:53 | Construir | Farm |
| 17:54 | Construir | Farm |
| 17:55 | Construir | Farm |
| 18:00 | Investigar | Heavy Plow |
| 18:00 | Investigar | Heavy Plow |
| 18:06 | Crear | Villager (Male) |
| 18:07 | Crear | Villager (Male) |
| 18:07 | Crear | Villager (Male) |
| 18:08 | Crear | Villager (Male) |
| 18:11 | Crear | Villager (Male) |
| 18:11 | Crear | Villager (Male) |
| 18:23 | Construir | Farm |
| 18:50 | Construir | Farm |
| 18:51 | Construir | Farm |
| 18:57 | Crear | Villager (Male) |
| 18:57 | Crear | Villager (Male) |
| 19:02 | Construir | Farm |
| 19:03 | Construir | Farm |
| 19:10 | Crear | Villager (Male) |
| 19:23 | Crear | Villager (Male) |
| 19:38 | Construir | Farm |
| 19:39 | Construir | Farm |
| 19:44 | Crear | Villager (Male) |
| 19:46 | Crear | Villager (Male) |
| 19:55 | Crear | Villager (Male) |
| 20:02 | Construir | House |
| 20:03 | Construir | House |
| 20:04 | Construir | House |
| 20:10 | Crear | Villager (Male) |
| 20:15 | Crear | Villager (Male) |
| 20:15 | Crear | Villager (Male) |
| 20:25 | Construir | Farm |
| 20:27 | Construir | Farm |
| 20:28 | Construir | Farm |
| 20:31 | Construir | Farm |
| 20:33 | Construir | Farm |
| 20:41 | Crear | Villager (Male) |
| 20:51 | Construir | Town Center |
| 21:03 | Construir | House |
| 21:03 | Construir | House |
| 21:03 | Construir | House |
| 21:04 | Construir | House |
| 21:04 | Construir | House |
| 21:04 | Construir | House |
| 21:06 | Construir | House |
| 21:14 | Investigar | Stone Mining |
| 21:15 | Investigar | Gold Mining |
| 21:19 | Crear | Villager (Male) |
| 21:19 | Crear | Villager (Male) |
| 21:20 | Crear | Villager (Male) |
| 21:36 | Construir | Farm |
| 21:38 | Construir | Farm |
| 21:40 | Construir | Farm |
| 21:42 | Construir | Farm |
| 21:43 | Construir | Farm |
| 21:45 | Construir | Farm |
| 21:49 | Investigar | Wheelbarrow |
| 21:58 | Crear | Villager (Male) |
| 21:58 | Crear | Villager (Male) |
| 22:01 | Crear | Villager (Male) |
| 22:08 | Crear | Villager (Male) |
| 22:24 | Crear | Villager (Male) |
| 22:25 | Crear | Villager (Male) |
| 22:29 | Crear | Villager (Male) |
| 22:50 | Construir | Barracks |
| 22:53 | Construir | Siege Workshop |
| 23:01 | Crear | Villager (Male) |
| 23:04 | Crear | Villager (Male) |
| 23:10 | Crear | Villager (Male) |
| 23:12 | Crear | Villager (Male) |
| 23:33 | Construir | Town Center |
| 23:37 | Crear | Villager (Male) |
| 23:37 | Crear | Villager (Male) |
| 23:38 | Crear | Villager (Male) |
| 23:43 | Crear | Villager (Male) |
| 23:44 | Crear | Villager (Male) |
| 23:45 | Crear | Villager (Male) |
| 23:48 | Crear | Villager (Male) |
Cronología de la partida
| 0:38 | Mzct. Oswaldo · wall_segment Palisade Wall x8 |
| 0:41 | Nopec · wall_segment Palisade Wall x12 |
| 1:19 | lothal · wall_segment Palisade Wall x10 |
| 1:29 | lothal · wall_segment Palisade Wall x8 |
| 1:55 | Nopec · wall_segment Palisade Wall x21 |
| 2:33 | Anipazronkin · wall_segment Palisade Wall x22 |
| 2:38 | lothal · wall_segment Palisade Wall x1 |
| 3:27 | fatmuddybear · wall_segment Palisade Wall x21 |
| 4:36 | fatmuddybear · wall_segment Palisade Wall x11 |
| 4:48 | fatmuddybear · wall_segment Palisade Wall x1 |
| 8:42 | Anipazronkin · first_building Barracks |
| 10:49 | 蔡徐坤 · age_up feudal |
| 11:11 | 236223212 · age_up feudal |
| 11:20 | Ancerly · age_up feudal |
| 11:42 | Ancerly · wall_segment Stone Wall x12 |
| 11:53 | Mzct. Oswaldo · first_building Barracks |
| 12:19 | Nopec · first_building Barracks |
| 12:40 | 蔡徐坤 · first_market_sell 100 wood |
| 12:42 | Mzct. Oswaldo · age_up feudal |
| 12:49 | fatmuddybear · age_up feudal |
| 13:09 | fatmuddybear · wall_segment Stone Wall x19 |
| 14:03 | Nopec · age_up feudal |
| 14:09 | Nopec · wall_segment Stone Wall x11 |
| 14:27 | Nopec · wall_segment Stone Wall x21 |
| 14:29 | Ancerly · wall_segment Stone Wall x7 |
| 15:06 | Mzct. Oswaldo · first_market_sell 100 food |
| 15:20 | 蔡徐坤 · age_up castle |
| 15:35 | Ancerly · age_up castle |
| 16:17 | Ancerly · wall_segment Stone Wall x15 |
| 16:21 | 236223212 · age_up castle |
| 17:36 | fatmuddybear · age_up castle |
| 17:49 | Mzct. Oswaldo · age_up castle |
| 17:59 | Mzct. Oswaldo · first_building Stable |
| 18:08 | lothal · age_up feudal |
| 18:26 | lothal · first_building Barracks |
| 19:17 | Nopec · first_building Stable |
| 19:29 | Anipazronkin · age_up feudal |
| 19:34 | Anipazronkin · wall_segment Stone Wall x14 |
| 20:12 | Ancerly · first_building Castle |
| 21:02 | Ancerly · first_building Monastery |
| 21:03 | fatmuddybear · first_building Castle |
| 22:12 | Anipazronkin · wall_segment Stone Wall x18 |
| 22:50 | 236223212 · first_building Barracks |
| 22:53 | 236223212 · first_building Siege Workshop |
| 23:03 | Nopec · age_up castle |
| 23:21 | 蔡徐坤 · first_building Monastery |
| 23:38 | Anipazronkin · wall_segment Stone Wall x10 |
| 23:53 | fatmuddybear · first_market_sell 500 wood |
| 24:39 | Ancerly · first_building Barracks |
| 25:07 | Nopec · first_building Castle |
| 25:29 | fatmuddybear · first_market_buy 500 stone |
| 26:07 | Anipazronkin · wall_segment Stone Wall x15 |
| 26:15 | 236223212 · first_building Castle |
| 26:21 | Nopec · first_building Monastery |
| 26:37 | lothal · wall_segment Stone Wall x16 |
| 27:01 | fatmuddybear · wall_segment Stone Wall x5 |
| 27:04 | lothal · age_up castle |
| 27:43 | 蔡徐坤 · first_building Castle |
| 28:01 | Anipazronkin · wall_segment Stone Wall x12 |
| 28:05 | fatmuddybear · age_up imperial |
| 28:45 | 236223212 · first_building Monastery |
| 28:56 | 236223212 · first_building Stable |
| 29:30 | Ancerly · first_building Stable |
| 29:34 | Mzct. Oswaldo · first_building Castle |
| 29:50 | 蔡徐坤 · first_building Siege Workshop |
| 29:59 | 蔡徐坤 · first_building Barracks |
| 30:13 | 236223212 · first_market_sell 100 food |
| 30:20 | 236223212 · age_up imperial |
| 31:12 | 蔡徐坤 · first_building Stable |
| 31:19 | Anipazronkin · age_up castle |
| 31:20 | lothal · first_building Monastery |
| 32:37 | 蔡徐坤 · age_up imperial |
| 33:12 | Anipazronkin · first_building Monastery |
| 34:18 | Mzct. Oswaldo · age_up imperial |
| 34:23 | fatmuddybear · first_building Siege Workshop |
| 34:47 | fatmuddybear · first_building Barracks |
| 36:48 | Ancerly · age_up imperial |
| 38:03 | 蔡徐坤 · wall_segment Stone Wall x17 |
| 38:38 | Nopec · age_up imperial |
| 38:42 | Anipazronkin · first_building Stable |
| 38:51 | Anipazronkin · age_up imperial |
| 39:08 | Anipazronkin · first_building Siege Workshop |
| 39:31 | 蔡徐坤 · wall_segment Stone Wall x11 |
| 40:07 | lothal · age_up imperial |
| 40:27 | 蔡徐坤 · tribute_sent a jugador 1 |
| 40:27 | 蔡徐坤 · tribute_sent a jugador 2 |
| 40:27 | 蔡徐坤 · tribute_sent a jugador 4 |
| 40:27 | 蔡徐坤 · tribute_sent a jugador 5 |
| 40:27 | 蔡徐坤 · tribute_sent a jugador 6 |
| 40:27 | 蔡徐坤 · tribute_sent a jugador 7 |
| 40:27 | 蔡徐坤 · tribute_sent a jugador 8 |
| 40:40 | Nopec · first_market_buy 500 food |
| 41:06 | lothal · first_building Castle |
| 41:10 | Nopec · first_market_sell 500 wood |
| 42:10 | Anipazronkin · first_building Castle |
| 42:19 | Ancerly · first_market_sell 500 stone |
| 42:30 | Ancerly · first_market_buy 100 food |
| 42:47 | lothal · first_building Siege Workshop |
| 42:51 | 蔡徐坤 · tribute_sent a jugador 1 |
| 42:51 | 蔡徐坤 · tribute_sent a jugador 2 |
| 42:51 | 蔡徐坤 · tribute_sent a jugador 4 |
| 42:51 | 蔡徐坤 · tribute_sent a jugador 5 |
| 42:51 | 蔡徐坤 · tribute_sent a jugador 6 |
| 42:51 | 蔡徐坤 · tribute_sent a jugador 7 |
| 42:51 | 蔡徐坤 · tribute_sent a jugador 8 |
| 48:56 | lothal · resign |
| 51:03 | Nopec · first_building Siege Workshop |
| 53:16 | 蔡徐坤 · wall_segment Stone Wall x9 |
| 53:17 | 蔡徐坤 · wall_segment Stone Wall x6 |
| 53:34 | Anipazronkin · first_market_buy 500 stone |
| 56:56 | Anipazronkin · first_market_sell 500 wood |
| 61:50 | 蔡徐坤 · tribute_sent a jugador 1 |
| 61:50 | 蔡徐坤 · tribute_sent a jugador 2 |
| 61:50 | 蔡徐坤 · tribute_sent a jugador 4 |
| 61:50 | 蔡徐坤 · tribute_sent a jugador 5 |
| 61:50 | 蔡徐坤 · tribute_sent a jugador 6 |
| 61:50 | 蔡徐坤 · tribute_sent a jugador 7 |
| 61:50 | 蔡徐坤 · tribute_sent a jugador 8 |
| 64:00 | 蔡徐坤 · tribute_sent a jugador 1 |
| 64:00 | 蔡徐坤 · tribute_sent a jugador 2 |
| 64:00 | 蔡徐坤 · tribute_sent a jugador 4 |
| 64:00 | 蔡徐坤 · tribute_sent a jugador 5 |
| 64:00 | 蔡徐坤 · tribute_sent a jugador 6 |
| 64:00 | 蔡徐坤 · tribute_sent a jugador 7 |
| 64:00 | 蔡徐坤 · tribute_sent a jugador 8 |
| 64:45 | 蔡徐坤 · tribute_sent a jugador 1 |
| 64:45 | 蔡徐坤 · tribute_sent a jugador 2 |
| 64:45 | 蔡徐坤 · tribute_sent a jugador 4 |
| 64:45 | 蔡徐坤 · tribute_sent a jugador 5 |
| 64:45 | 蔡徐坤 · tribute_sent a jugador 6 |
| 64:45 | 蔡徐坤 · tribute_sent a jugador 7 |
| 64:45 | 蔡徐坤 · tribute_sent a jugador 8 |
| 65:31 | 蔡徐坤 · tribute_sent a jugador 1 |
| 65:31 | 蔡徐坤 · tribute_sent a jugador 2 |
| 65:31 | 蔡徐坤 · tribute_sent a jugador 4 |
| 65:31 | 蔡徐坤 · tribute_sent a jugador 5 |
| 65:31 | 蔡徐坤 · tribute_sent a jugador 6 |
| 65:31 | 蔡徐坤 · tribute_sent a jugador 7 |
| 65:31 | 蔡徐坤 · tribute_sent a jugador 8 |
| 66:48 | 蔡徐坤 · tribute_sent a jugador 1 |
| 66:48 | 蔡徐坤 · tribute_sent a jugador 2 |
| 66:48 | 蔡徐坤 · tribute_sent a jugador 4 |
| 66:48 | 蔡徐坤 · tribute_sent a jugador 5 |
| 66:48 | 蔡徐坤 · tribute_sent a jugador 6 |
| 66:48 | 蔡徐坤 · tribute_sent a jugador 7 |
| 66:48 | 蔡徐坤 · tribute_sent a jugador 8 |
| 69:17 | 蔡徐坤 · first_market_buy 500 stone |
| 69:28 | 蔡徐坤 · tribute_sent a jugador 1 |
| 69:28 | 蔡徐坤 · tribute_sent a jugador 2 |
| 69:28 | 蔡徐坤 · tribute_sent a jugador 4 |
| 69:28 | 蔡徐坤 · tribute_sent a jugador 5 |
| 69:28 | 蔡徐坤 · tribute_sent a jugador 6 |
| 69:28 | 蔡徐坤 · tribute_sent a jugador 7 |
| 69:28 | 蔡徐坤 · tribute_sent a jugador 8 |
| 69:37 | 蔡徐坤 · tribute_sent a jugador 1 |
| 69:37 | 蔡徐坤 · tribute_sent a jugador 2 |
| 69:37 | 蔡徐坤 · tribute_sent a jugador 4 |
| 69:37 | 蔡徐坤 · tribute_sent a jugador 5 |
| 69:37 | 蔡徐坤 · tribute_sent a jugador 6 |
| 69:37 | 蔡徐坤 · tribute_sent a jugador 7 |
| 69:37 | 蔡徐坤 · tribute_sent a jugador 8 |
| 71:10 | 蔡徐坤 · tribute_sent a jugador 1 |
| 71:10 | 蔡徐坤 · tribute_sent a jugador 2 |
| 71:10 | 蔡徐坤 · tribute_sent a jugador 4 |
| 71:10 | 蔡徐坤 · tribute_sent a jugador 5 |
| 71:10 | 蔡徐坤 · tribute_sent a jugador 6 |
| 71:10 | 蔡徐坤 · tribute_sent a jugador 7 |
| 71:10 | 蔡徐坤 · tribute_sent a jugador 8 |
[ ANÁLISIS IA · 1 CRÉDITO ]
¿Qué pasó realmente en esta partida?
Wolo.gg analiza cada decisión: build order, eco, micro, errores típicos por bracket. Análisis personalizado por WhatsApp o Discord en 30 segundos.
Guía civ
Españoles
Perfil
Jugador #1417638